[ AOE2 MATCH · #478697280 ]
UnrankedGeorgians vs Persians
[ REPLAY ANALYSIS · EXTRACTED FROM THE RECORDED GAME ]
Feudal
11:47
Castle
21:59
Imperial
35:10
| APM avg | 13.7 |
| APM peak | 30 |
| eAPM avg | 11.4 |
| Villagers / military | 192 / 400 |
Focus
⚔️ 32.3% · 🌾 67.7%
Monaspa ×234 · Skirmisher ×95 · Spearman ×65 · Trade Cart ×31 · Trebuchet (Packed) ×6
Feudal
—
Castle
—
Imperial
—
| APM avg | 2.8 |
| APM peak | 160 |
| eAPM avg | 2.8 |
| Villagers / military | 0 / 0 |
Feudal
14:29
Castle
19:58
Imperial
28:14
| APM avg | 13.8 |
| APM peak | 62 |
| eAPM avg | 12.2 |
| Villagers / military | 120 / 167 |
Focus
⚔️ 34.4% · 🌾 65.6%
Knight ×97 · Archer ×57 · Spearman ×4 · Bombard Cannon ×4 · Trebuchet (Packed) ×4 · Mangonel ×1
Feudal
13:57
Castle
17:52
Imperial
36:03
| APM avg | 15.7 |
| APM peak | 36 |
| eAPM avg | 12.1 |
| Villagers / military | 135 / 62 |
Focus
⚔️ 39.2% · 🌾 60.8%
Unknown (882) ×95 · Genoese Crossbowman ×39 · Militia ×17 · Trade Cart ×4 · Trebuchet (Packed) ×4 · Monk ×1
Feudal
11:25
Castle
23:53
Imperial
44:17
| APM avg | 13.0 |
| APM peak | 36 |
| eAPM avg | 9.1 |
| Villagers / military | 129 / 80 |
Focus
⚔️ 28.4% · 🌾 71.6%
Spearman ×49 · Eagle Scout ×11 · Archer ×10 · Plumed Archer ×8 · Mangonel ×2
Feudal
12:53
Castle
26:32
Imperial
37:14
| APM avg | 18.6 |
| APM peak | 65 |
| eAPM avg | 8.1 |
| Villagers / military | 54 / 70 |
Focus
⚔️ 42.6% · 🌾 57.4%
Unknown (882) ×46 · Spearman ×33 · Bombard Cannon ×24 · Trade Cart ×13 · Hussite Wagon ×10 · Scorpion ×3
Feudal
10:43
Castle
14:45
Imperial
34:44
| APM avg | 14.4 |
| APM peak | 48 |
| eAPM avg | 12.0 |
| Villagers / military | 261 / 229 |
Focus
⚔️ 31.8% · 🌾 68.2%
Longbowman ×136 · Spearman ×70 · Trebuchet (Packed) ×14 · Trade Cart ×8 · Battering Ram ×7 · Monk ×2
Feudal
—
Castle
—
Imperial
—
| APM avg | 10.9 |
| APM peak | 29 |
| eAPM avg | 8.5 |
| Villagers / military | 72 / 140 |
Focus
⚔️ 50.5% · 🌾 49.5%
Chakram Thrower ×71 · Camel Scout ×35 · Armored Elephant ×20 · Elephant Archer ×11 · Trade Cart ×6 · Scorpion ×3
Match map
Initial resources + every placement click. Lines = walls · curves = elevation contours. ◆ gold · ⬟ stone · ● berries · ✦ relic · ◌ wall gap
Your base· ✓ Closed at 21:59 · 0t walls · 2 gate(s)
xmmiao's base· ✓ Closed at 12:00 · 0t walls · 2 gate(s)
yabin.belrojo's base· ✓ Closed at 19:58 · 0t walls · 2 gate(s)
jenksulivan's base· ✓ Closed at 17:52 · 0t walls · 2 gate(s)
Obi Juan Kenobi's base· ✓ Closed at 23:53 · 0t walls · 3 gate(s)
estagio.musc's base· ✓ Closed at 26:32 · 82t walls · 4 gate(s)
小鱼鱼鱼's base· ✓ Closed at 14:45 · 0t walls · 3 gate(s)
Killedzombies45's base· ✓ Closed at 24:03 · 53t walls · 2 gate(s)
Smoothed initial terrain · ◌ = detected wall gap · hover for details
Inputs per minute
— Henry_David_Throw - - xmmiao
Build order — Henry_David_Throw
First 150 of 456 actions detected
| 0:10 | Build | House |
| 0:12 | Build | House |
| 0:15 | Create | Villager (Male) |
| 0:15 | Create | Villager (Male) |
| 0:15 | Create | Villager (Male) |
| 0:16 | Create | Villager (Male) |
| 1:50 | Create | Villager (Male) |
| 2:14 | Create | Villager (Male) |
| 2:42 | Create | Villager (Male) |
| 3:26 | Create | Villager (Male) |
| 3:26 | Create | Villager (Male) |
| 3:26 | Create | Villager (Male) |
| 4:03 | Build | House |
| 4:23 | Create | Villager (Male) |
| 4:55 | Create | Villager (Male) |
| 4:55 | Create | Villager (Male) |
| 4:55 | Create | Villager (Male) |
| 4:56 | Create | Villager (Male) |
| 4:56 | Create | Villager (Male) |
| 5:43 | Create | Villager (Male) |
| 5:43 | Create | Villager (Male) |
| 5:43 | Create | Villager (Male) |
| 6:31 | Build | House |
| 6:34 | Create | Villager (Male) |
| 6:35 | Create | Villager (Male) |
| 6:35 | Create | Villager (Male) |
| 6:35 | Create | Villager (Male) |
| 6:42 | Build | Mill |
| 6:54 | Create | Villager (Male) |
| 6:54 | Create | Villager (Male) |
| 6:55 | Create | Villager (Male) |
| 7:05 | Create | Villager (Male) |
| 7:11 | Create | Villager (Male) |
| 7:11 | Create | Villager (Male) |
| 7:26 | Create | Villager (Male) |
| 8:03 | Create | Villager (Male) |
| 8:03 | Create | Villager (Male) |
| 8:04 | Create | Villager (Male) |
| 8:20 | Research | Feudal Age |
| 10:24 | Build | House |
| 10:52 | Build | House |
| 11:37 | Create | Villager (Male) |
| 11:38 | Create | Villager (Male) |
| 11:38 | Create | Villager (Male) |
| 11:38 | Create | Villager (Male) |
| 11:39 | Create | Villager (Male) |
| 11:39 | Create | Villager (Male) |
| 11:39 | Create | Villager (Male) |
| 11:47 | Age | Feudal Age |
| 11:49 | Research | Wheelbarrow |
| 11:51 | Research | Double-Bit Axe |
| 11:54 | Research | Horse Collar |
| 12:01 | Create | Villager (Male) |
| 12:02 | Create | Villager (Male) |
| 12:02 | Create | Villager (Male) |
| 12:02 | Create | Villager (Male) |
| 12:03 | Create | Villager (Male) |
| 12:03 | Create | Villager (Male) |
| 12:03 | Create | Villager (Male) |
| 12:04 | Create | Villager (Male) |
| 12:31 | Build | Farm |
| 12:34 | Build | Farm |
| 12:36 | Build | Farm |
| 12:42 | Build | Farm |
| 13:11 | Build | Farm |
| 13:35 | Create | Villager (Male) |
| 13:35 | Create | Villager (Male) |
| 13:36 | Create | Villager (Male) |
| 13:36 | Create | Villager (Male) |
| 13:36 | Create | Villager (Male) |
| 13:46 | Build | Mule Cart |
| 13:52 | Create | Villager (Male) |
| 13:53 | Create | Villager (Male) |
| 13:53 | Create | Villager (Male) |
| 14:09 | Build | Blacksmith |
| 14:17 | Create | Villager (Male) |
| 14:51 | Build | Market |
| 15:18 | Build | Mule Cart |
| 15:22 | Create | Villager (Male) |
| 15:22 | Create | Villager (Male) |
| 15:23 | Create | Villager (Male) |
| 15:30 | Build | Farm |
| 15:33 | Build | Farm |
| 15:46 | Build | House |
| 15:47 | Build | House |
| 15:49 | Build | House |
| 16:00 | Build | Barracks |
| 16:19 | Create | Villager (Male) |
| 16:20 | Create | Villager (Male) |
| 16:28 | Create | Villager (Male) |
| 16:32 | Build | Farm |
| 16:39 | Build | Farm |
| 16:55 | Create | Villager (Male) |
| 16:55 | Create | Villager (Male) |
| 17:19 | Build | Farm |
| 17:59 | Create | Villager (Male) |
| 18:00 | Research | Loom |
| 18:11 | Build | Farm |
| 18:38 | Create | Villager (Male) |
| 18:38 | Create | Villager (Male) |
| 18:43 | Build | Farm |
| 18:59 | Research | Castle Age |
| 19:18 | Build | House |
| 19:19 | Build | House |
| 19:20 | Build | House |
| 19:29 | Build | Mule Cart |
| 19:33 | Build | Farm |
| 19:50 | Build | Mule Cart |
| 20:10 | Create | Villager (Male) |
| 20:10 | Create | Villager (Male) |
| 20:10 | Create | Villager (Male) |
| 20:11 | Create | Villager (Male) |
| 20:11 | Create | Villager (Male) |
| 20:44 | Build | House |
| 20:46 | Build | House |
| 20:59 | Build | House |
| 21:00 | Build | House |
| 21:09 | Research | Loom |
| 21:13 | Create | Villager (Male) |
| 21:14 | Create | Villager (Male) |
| 21:14 | Create | Villager (Male) |
| 21:14 | Create | Villager (Male) |
| 21:14 | Create | Villager (Male) |
| 21:14 | Create | Villager (Male) |
| 21:15 | Create | Villager (Male) |
| 21:15 | Create | Villager (Male) |
| 21:15 | Create | Villager (Male) |
| 21:46 | Build | Farm |
| 21:49 | Build | Farm |
| 21:50 | Build | Farm |
| 21:52 | Build | Farm |
| 21:59 | Age | Castle Age |
| 22:17 | Build | Town Center |
| 22:39 | Build | Town Center |
| 22:51 | Create | Villager (Male) |
| 22:51 | Create | Villager (Male) |
| 22:52 | Create | Villager (Male) |
| 22:52 | Create | Villager (Male) |
| 22:52 | Create | Villager (Male) |
| 22:52 | Create | Villager (Male) |
| 22:55 | Build | Farm |
| 23:07 | Create | Villager (Male) |
| 23:24 | Create | Villager (Male) |
| 23:24 | Create | Villager (Male) |
| 23:35 | Build | Monastery |
| 23:43 | Build | Monastery |
| 23:55 | Build | Monastery |
| 24:12 | Build | Town Center |
| 24:26 | Build | Monastery |
| 24:40 | Build | Monastery |
Build order — xmmiao
0 actions detected in the replay
Build order — yabin.belrojo
First 150 of 448 actions detected
| 0:03 | Create | Villager (Male) |
| 0:03 | Create | Villager (Male) |
| 0:04 | Create | Villager (Male) |
| 0:04 | Create | Villager (Male) |
| 0:04 | Create | Villager (Male) |
| 0:12 | Build | House |
| 1:01 | Build | House |
| 1:03 | Build | House |
| 1:04 | Build | House |
| 1:05 | Build | House |
| 1:07 | Build | House |
| 1:47 | Create | Villager (Male) |
| 2:24 | Create | Villager (Male) |
| 2:45 | Create | Villager (Male) |
| 2:45 | Create | Villager (Male) |
| 2:56 | Create | Villager (Male) |
| 3:28 | Create | Villager (Male) |
| 3:29 | Create | Villager (Male) |
| 3:29 | Create | Villager (Male) |
| 3:42 | Build | Mill |
| 3:52 | Create | Villager (Male) |
| 3:53 | Create | Villager (Male) |
| 4:31 | Create | Villager (Male) |
| 4:31 | Create | Villager (Male) |
| 4:48 | Create | Villager (Male) |
| 4:48 | Create | Villager (Male) |
| 5:29 | Create | Villager (Male) |
| 5:30 | Create | Villager (Male) |
| 5:57 | Create | Villager (Male) |
| 6:07 | Create | Villager (Male) |
| 6:32 | Create | Villager (Male) |
| 6:32 | Create | Villager (Male) |
| 6:32 | Create | Villager (Male) |
| 6:49 | Create | Villager (Male) |
| 7:00 | Create | Villager (Male) |
| 7:01 | Create | Villager (Male) |
| 7:35 | Create | Villager (Male) |
| 7:35 | Create | Villager (Male) |
| 8:00 | Build | Mill |
| 8:14 | Build | Lumber Camp |
| 8:20 | Create | Villager (Male) |
| 8:20 | Create | Villager (Male) |
| 8:23 | Create | Villager (Male) |
| 8:30 | Create | Villager (Male) |
| 10:17 | Build | Mining Camp |
| 10:46 | Create | Villager (Male) |
| 10:47 | Create | Villager (Male) |
| 10:50 | Create | Villager (Male) |
| 11:08 | Build | Farm |
| 11:11 | Build | Farm |
| 11:15 | Build | Farm |
| 11:20 | Build | Farm |
| 12:05 | Build | Farm |
| 12:11 | Research | Feudal Age |
| 12:32 | Build | House |
| 12:35 | Build | Barracks |
| 12:37 | Build | House |
| 12:45 | Create | Villager (Male) |
| 12:46 | Create | Villager (Male) |
| 12:46 | Create | Villager (Male) |
| 14:10 | Create | Villager (Male) |
| 14:29 | Age | Feudal Age |
| 14:33 | Build | Stable |
| 14:38 | Build | Archery Range |
| 14:40 | Build | House |
| 14:41 | Build | House |
| 14:48 | Research | Horse Collar |
| 15:03 | Build | Farm |
| 15:07 | Build | Farm |
| 15:12 | Build | Farm |
| 15:42 | Create | Villager (Male) |
| 16:06 | Build | Farm |
| 16:10 | Create | Villager (Male) |
| 16:28 | Build | Farm |
| 17:24 | Build | Mining Camp |
| 17:32 | Research | Castle Age |
| 17:36 | Build | House |
| 17:38 | Build | House |
| 17:40 | Build | House |
| 17:42 | Build | House |
| 17:43 | Build | House |
| 17:45 | Build | House |
| 17:46 | Build | House |
| 17:48 | Build | House |
| 17:53 | Build | Farm |
| 17:56 | Research | Gold Mining |
| 18:06 | Research | Double-Bit Axe |
| 18:45 | Create | Villager (Male) |
| 18:45 | Create | Villager (Male) |
| 18:58 | Research | Stone Mining |
| 19:58 | Age | Castle Age |
| 20:25 | Build | Castle |
| 21:00 | Build | Farm |
| 21:03 | Build | Farm |
| 21:04 | Create | Villager (Male) |
| 21:05 | Create | Villager (Male) |
| 21:10 | Research | Heavy Plow |
| 21:29 | Build | Farm |
| 21:33 | Create | Villager (Male) |
| 21:42 | Build | House |
| 21:44 | Build | House |
| 21:46 | Build | House |
| 21:47 | Build | House |
| 21:48 | Build | House |
| 21:52 | Build | House |
| 21:54 | Build | House |
| 21:55 | Build | House |
| 21:58 | Build | House |
| 22:15 | Build | Town Center |
| 22:28 | Build | Farm |
| 22:31 | Build | Farm |
| 22:35 | Create | Villager (Male) |
| 22:37 | Create | Villager (Male) |
| 23:12 | Build | Blacksmith |
| 23:19 | Build | Farm |
| 23:22 | Create | Villager (Male) |
| 23:22 | Create | Villager (Male) |
| 23:25 | Build | Farm |
| 23:29 | Create | Villager (Male) |
| 23:45 | Create | Villager (Male) |
| 23:45 | Create | Villager (Male) |
| 23:45 | Create | Villager (Male) |
| 23:46 | Create | Villager (Male) |
| 23:56 | Build | Farm |
| 24:12 | Build | Siege Workshop |
| 24:34 | Build | Farm |
| 24:43 | Build | Mill |
| 24:45 | Create | Villager (Male) |
| 24:48 | Create | Villager (Male) |
| 24:51 | Research | Imperial Age |
| 25:21 | Build | Town Center |
| 25:29 | Build | Farm |
| 25:37 | Research | Gold Shaft Mining |
| 25:54 | Build | Stable |
| 25:57 | Build | Stable |
| 25:58 | Build | Stable |
| 26:27 | Build | House |
| 26:28 | Build | House |
| 26:30 | Build | House |
| 26:31 | Build | House |
| 26:33 | Build | House |
| 27:07 | Research | Wheelbarrow |
| 27:13 | Create | Mangonel |
| 27:32 | Create | Villager (Male) |
| 27:32 | Create | Villager (Male) |
| 27:32 | Create | Villager (Male) |
| 27:33 | Create | Villager (Male) |
| 28:11 | Build | Stable |
| 28:14 | Age | Imperial Age |
| 28:17 | Research | Bow Saw |
Build order — jenksulivan
First 150 of 456 actions detected
| 0:03 | Research | Loom |
| 0:03 | Create | Villager (Male) |
| 0:03 | Create | Villager (Male) |
| 0:03 | Create | Villager (Male) |
| 0:05 | Build | House |
| 0:08 | Build | House |
| 0:58 | Build | Mining Camp |
| 1:05 | Create | Villager (Male) |
| 1:51 | Create | Villager (Male) |
| 2:28 | Create | Villager (Male) |
| 2:29 | Create | Villager (Male) |
| 2:57 | Create | Villager (Male) |
| 2:57 | Create | Villager (Male) |
| 3:22 | Create | Villager (Male) |
| 3:36 | Create | Villager (Male) |
| 3:57 | Create | Villager (Male) |
| 4:21 | Build | House |
| 4:26 | Create | Villager (Male) |
| 4:30 | Create | Villager (Male) |
| 5:17 | Create | Villager (Male) |
| 5:17 | Create | Villager (Male) |
| 5:32 | Build | Lumber Camp |
| 5:46 | Create | Villager (Male) |
| 6:28 | Create | Villager (Male) |
| 6:29 | Create | Villager (Male) |
| 6:29 | Create | Villager (Male) |
| 6:29 | Create | Villager (Male) |
| 6:29 | Create | Villager (Male) |
| 6:34 | Build | House |
| 7:22 | Create | Villager (Male) |
| 7:22 | Create | Villager (Male) |
| 7:23 | Create | Villager (Male) |
| 8:07 | Create | Villager (Male) |
| 8:07 | Create | Villager (Male) |
| 8:08 | Create | Villager (Male) |
| 8:26 | Build | House |
| 8:56 | Create | Villager (Male) |
| 8:56 | Create | Villager (Male) |
| 8:57 | Create | Villager (Male) |
| 8:57 | Create | Villager (Male) |
| 8:57 | Create | Villager (Male) |
| 9:05 | Build | Mill |
| 9:35 | Build | Mill |
| 9:43 | Create | Villager (Male) |
| 9:44 | Create | Villager (Male) |
| 10:46 | Build | Mining Camp |
| 11:04 | Build | Mill |
| 11:17 | Build | House |
| 11:47 | Research | Feudal Age |
| 12:34 | Create | Villager (Male) |
| 12:34 | Create | Villager (Male) |
| 12:35 | Create | Villager (Male) |
| 12:37 | Create | Villager (Male) |
| 13:25 | Build | House |
| 13:57 | Age | Feudal Age |
| 13:59 | Build | Blacksmith |
| 14:22 | Build | Market |
| 15:05 | Research | Castle Age |
| 15:59 | Build | House |
| 16:48 | Create | Villager (Male) |
| 16:48 | Create | Villager (Male) |
| 16:49 | Create | Villager (Male) |
| 17:23 | Build | Barracks |
| 17:52 | Age | Castle Age |
| 17:55 | Create | Villager (Male) |
| 17:55 | Create | Villager (Male) |
| 17:55 | Create | Villager (Male) |
| 18:07 | Build | Town Center |
| 18:39 | Build | House |
| 18:44 | Build | Farm |
| 18:47 | Build | Farm |
| 18:49 | Create | Villager (Male) |
| 18:49 | Create | Villager (Male) |
| 18:51 | Create | Villager (Male) |
| 19:25 | Build | Farm |
| 19:27 | Build | Farm |
| 19:30 | Build | Farm |
| 19:39 | Build | Farm |
| 19:41 | Build | Farm |
| 19:42 | Create | Villager (Male) |
| 19:42 | Create | Villager (Male) |
| 19:46 | Create | Villager (Male) |
| 19:46 | Create | Villager (Male) |
| 19:47 | Create | Villager (Male) |
| 19:47 | Create | Villager (Male) |
| 19:48 | Create | Villager (Male) |
| 19:51 | Research | Double-Bit Axe |
| 20:07 | Build | Town Center |
| 20:24 | Build | Farm |
| 20:26 | Build | Farm |
| 21:01 | Build | Castle |
| 21:17 | Build | Farm |
| 21:21 | Create | Villager (Male) |
| 21:27 | Build | Farm |
| 21:33 | Create | Villager (Male) |
| 21:35 | Create | Villager (Male) |
| 21:36 | Create | Villager (Male) |
| 21:44 | Build | Farm |
| 22:14 | Build | Farm |
| 22:22 | Build | Farm |
| 22:25 | Build | Farm |
| 22:31 | Create | Villager (Male) |
| 22:35 | Create | Villager (Male) |
| 22:36 | Create | Villager (Male) |
| 22:42 | Build | Farm |
| 22:44 | Research | Padded Archer Armor |
| 22:49 | Build | Farm |
| 23:00 | Build | Farm |
| 23:01 | Create | Villager (Male) |
| 23:04 | Create | Villager (Male) |
| 23:04 | Create | Villager (Male) |
| 23:14 | Create | Villager (Male) |
| 23:17 | Create | Villager (Male) |
| 23:28 | Build | Farm |
| 23:30 | Create | Villager (Male) |
| 23:33 | Create | Villager (Male) |
| 23:44 | Build | Barracks |
| 24:04 | Create | Genoese Crossbowman |
| 24:08 | Build | Farm |
| 24:11 | Build | Farm |
| 24:15 | Build | Farm |
| 24:22 | Build | Town Center |
| 24:41 | Research | Man-at-Arms (upgrade) |
| 24:47 | Build | Archery Range |
| 24:51 | Create | Villager (Male) |
| 24:52 | Create | Villager (Male) |
| 24:52 | Create | Villager (Male) |
| 25:00 | Research | Gold Mining |
| 25:00 | Research | Stone Mining |
| 25:05 | Create | Villager (Male) |
| 25:05 | Create | Villager (Male) |
| 25:05 | Create | Villager (Male) |
| 25:05 | Create | Villager (Male) |
| 25:09 | Create | Villager (Male) |
| 25:09 | Create | Villager (Male) |
| 25:33 | Create | Villager (Male) |
| 25:34 | Create | Villager (Male) |
| 25:49 | Build | Town Center |
| 25:54 | Build | Farm |
| 25:57 | Create | Villager (Male) |
| 25:58 | Create | Villager (Male) |
| 26:02 | Build | Farm |
| 26:03 | Create | Villager (Male) |
| 26:03 | Create | Villager (Male) |
| 26:11 | Build | Farm |
| 26:33 | Create | Genoese Crossbowman |
| 26:33 | Create | Genoese Crossbowman |
| 26:33 | Create | Genoese Crossbowman |
| 26:33 | Create | Genoese Crossbowman |
| 26:43 | Create | Villager (Male) |
Build order — Obi Juan Kenobi
First 150 of 361 actions detected
| 0:03 | Build | House |
| 0:06 | Build | House |
| 0:10 | Create | Villager (Male) |
| 0:10 | Create | Villager (Male) |
| 0:10 | Create | Villager (Male) |
| 2:08 | Create | Villager (Male) |
| 2:08 | Create | Villager (Male) |
| 2:08 | Create | Villager (Male) |
| 3:32 | Create | Villager (Male) |
| 3:32 | Create | Villager (Male) |
| 3:33 | Create | Villager (Male) |
| 4:18 | Create | Villager (Male) |
| 4:18 | Create | Villager (Male) |
| 4:26 | Build | House |
| 4:30 | Build | House |
| 4:33 | Build | Mill |
| 5:13 | Create | Villager (Male) |
| 5:13 | Create | Villager (Male) |
| 5:13 | Create | Villager (Male) |
| 5:14 | Create | Villager (Male) |
| 5:50 | Create | Villager (Male) |
| 5:50 | Create | Villager (Male) |
| 6:42 | Create | Villager (Male) |
| 6:44 | Create | Villager (Male) |
| 6:46 | Create | Villager (Male) |
| 7:06 | Build | Lumber Camp |
| 7:33 | Create | Villager (Male) |
| 7:33 | Create | Villager (Male) |
| 8:42 | Build | Mining Camp |
| 9:15 | Research | Feudal Age |
| 9:36 | Build | Mill |
| 11:11 | Build | Barracks |
| 11:15 | Create | Villager (Male) |
| 11:15 | Create | Villager (Male) |
| 11:15 | Create | Villager (Male) |
| 11:16 | Create | Villager (Male) |
| 11:17 | Create | Villager (Male) |
| 11:23 | Build | House |
| 11:25 | Age | Feudal Age |
| 11:27 | Build | House |
| 11:42 | Research | Double-Bit Axe |
| 12:06 | Create | Villager (Male) |
| 12:07 | Create | Villager (Male) |
| 12:07 | Create | Villager (Male) |
| 12:29 | Build | Archery Range |
| 12:33 | Create | Eagle Scout |
| 12:34 | Create | Eagle Scout |
| 12:34 | Create | Eagle Scout |
| 12:34 | Create | Eagle Scout |
| 12:41 | Build | House |
| 12:56 | Create | Villager (Male) |
| 12:56 | Create | Villager (Male) |
| 12:57 | Create | Villager (Male) |
| 14:35 | Create | Eagle Scout |
| 14:44 | Create | Archer |
| 14:44 | Create | Archer |
| 14:51 | Create | Archer |
| 14:57 | Build | Farm |
| 14:58 | Build | Farm |
| 14:59 | Build | Farm |
| 15:00 | Build | Farm |
| 15:01 | Build | Farm |
| 15:03 | Build | Farm |
| 15:26 | Build | Farm |
| 15:27 | Build | Farm |
| 15:49 | Build | Farm |
| 15:55 | Build | Farm |
| 16:19 | Build | House |
| 16:22 | Build | House |
| 17:08 | Create | Villager (Male) |
| 17:08 | Create | Villager (Male) |
| 17:09 | Create | Villager (Male) |
| 17:09 | Create | Villager (Male) |
| 18:31 | Build | Farm |
| 18:32 | Build | Farm |
| 18:32 | Build | Farm |
| 18:35 | Build | House |
| 18:36 | Build | House |
| 18:37 | Build | House |
| 18:39 | Create | Villager (Male) |
| 18:39 | Create | Villager (Male) |
| 18:39 | Create | Villager (Male) |
| 18:44 | Build | Farm |
| 18:45 | Build | Farm |
| 18:45 | Build | Farm |
| 18:46 | Build | Farm |
| 19:09 | Build | Blacksmith |
| 19:16 | Build | Farm |
| 19:49 | Build | Farm |
| 19:51 | Research | Horse Collar |
| 20:03 | Build | Farm |
| 20:07 | Research | Gold Mining |
| 20:25 | Build | Mining Camp |
| 21:13 | Research | Castle Age |
| 21:27 | Build | Market |
| 21:32 | Research | Padded Archer Armor |
| 21:39 | Research | Scale Mail Armor |
| 21:48 | Create | Archer |
| 21:49 | Create | Archer |
| 21:49 | Create | Archer |
| 21:50 | Create | Archer |
| 23:40 | Create | Eagle Scout |
| 23:41 | Create | Eagle Scout |
| 23:41 | Create | Eagle Scout |
| 23:41 | Create | Eagle Scout |
| 23:42 | Create | Eagle Scout |
| 23:43 | Create | Eagle Scout |
| 23:46 | Create | Archer |
| 23:47 | Create | Archer |
| 23:47 | Create | Archer |
| 23:53 | Age | Castle Age |
| 24:45 | Create | Villager (Male) |
| 24:46 | Create | Villager (Male) |
| 24:46 | Create | Villager (Male) |
| 24:46 | Create | Villager (Male) |
| 24:46 | Create | Villager (Male) |
| 24:47 | Create | Villager (Male) |
| 24:55 | Build | Town Center |
| 25:02 | Build | Town Center |
| 25:22 | Build | Farm |
| 25:35 | Research | Crossbowman (upgrade) |
| 25:38 | Research | Eagle Warrior (upgrade) |
| 26:17 | Research | Eagle Warrior (upgrade) |
| 26:21 | Research | Thumb Ring |
| 26:34 | Research | Bow Saw |
| 26:39 | Research | Heavy Plow |
| 27:05 | Build | Farm |
| 27:12 | Build | Market |
| 27:26 | Build | House |
| 27:28 | Build | House |
| 27:29 | Build | House |
| 27:31 | Build | House |
| 27:32 | Build | House |
| 27:33 | Build | House |
| 27:34 | Build | House |
| 27:35 | Build | House |
| 27:38 | Create | Villager (Male) |
| 27:38 | Create | Villager (Male) |
| 27:38 | Create | Villager (Male) |
| 27:39 | Create | Villager (Male) |
| 27:39 | Create | Villager (Male) |
| 27:39 | Create | Villager (Male) |
| 27:40 | Create | Villager (Male) |
| 27:40 | Create | Villager (Male) |
| 27:40 | Create | Villager (Male) |
| 27:48 | Create | Villager (Male) |
| 27:48 | Create | Villager (Male) |
| 27:49 | Create | Villager (Male) |
| 27:49 | Create | Villager (Male) |
| 27:49 | Create | Villager (Male) |
Build order — estagio.musc
First 150 of 296 actions detected
| 0:10 | Research | Loom |
| 0:11 | Create | Villager (Male) |
| 0:15 | Create | Villager (Male) |
| 0:15 | Create | Villager (Male) |
| 0:15 | Create | Villager (Male) |
| 0:16 | Create | Villager (Male) |
| 0:20 | Build | House |
| 0:21 | Build | House |
| 1:21 | Build | House |
| 1:45 | Create | Villager (Male) |
| 2:26 | Create | Villager (Male) |
| 3:00 | Create | Villager (Male) |
| 3:29 | Create | Villager (Male) |
| 3:34 | Create | Villager (Male) |
| 4:22 | Create | Villager (Male) |
| 4:43 | Create | Villager (Male) |
| 4:57 | Create | Villager (Male) |
| 5:20 | Build | Mill |
| 5:40 | Create | Villager (Male) |
| 5:57 | Create | Villager (Male) |
| 6:27 | Create | Villager (Male) |
| 6:42 | Create | Villager (Male) |
| 7:35 | Build | House |
| 7:37 | Build | House |
| 8:24 | Create | Villager (Male) |
| 9:06 | Build | Mill |
| 9:14 | Create | Villager (Male) |
| 9:16 | Create | Villager (Male) |
| 9:37 | Build | Lumber Camp |
| 9:59 | Create | Villager (Male) |
| 10:43 | Research | Feudal Age |
| 11:05 | Build | House |
| 11:06 | Build | House |
| 12:53 | Age | Feudal Age |
| 12:57 | Research | Wheelbarrow |
| 13:02 | Research | Horse Collar |
| 13:06 | Research | Double-Bit Axe |
| 13:34 | Research | Town Watch |
| 13:44 | Build | Blacksmith |
| 14:39 | Create | Villager (Male) |
| 14:40 | Create | Villager (Male) |
| 14:40 | Create | Villager (Male) |
| 15:10 | Build | House |
| 15:16 | Create | Villager (Male) |
| 16:05 | Build | Market |
| 16:16 | Create | Villager (Male) |
| 16:39 | Create | Villager (Male) |
| 17:03 | Create | Villager (Male) |
| 17:04 | Create | Villager (Male) |
| 17:04 | Create | Villager (Male) |
| 17:05 | Create | Villager (Male) |
| 17:05 | Create | Villager (Male) |
| 17:05 | Create | Villager (Male) |
| 17:05 | Create | Villager (Male) |
| 17:11 | Create | Villager (Male) |
| 17:22 | Build | Farm |
| 17:23 | Build | Farm |
| 17:26 | Build | Farm |
| 17:29 | Build | Farm |
| 17:31 | Build | Farm |
| 17:33 | Build | Farm |
| 17:35 | Build | Farm |
| 17:37 | Build | Farm |
| 17:39 | Build | Farm |
| 17:41 | Build | Farm |
| 18:22 | Build | Farm |
| 18:24 | Build | Farm |
| 18:35 | Build | Farm |
| 18:42 | Build | Farm |
| 18:48 | Build | Mining Camp |
| 19:19 | Build | House |
| 19:24 | Build | House |
| 19:29 | Build | House |
| 19:30 | Build | House |
| 19:31 | Build | House |
| 20:43 | Create | Trade Cart |
| 20:44 | Create | Trade Cart |
| 20:44 | Create | Trade Cart |
| 20:45 | Create | Trade Cart |
| 20:45 | Create | Trade Cart |
| 20:57 | Create | Villager (Male) |
| 20:59 | Create | Villager (Male) |
| 20:59 | Create | Villager (Male) |
| 21:00 | Create | Villager (Male) |
| 21:00 | Create | Villager (Male) |
| 21:03 | Create | Villager (Male) |
| 21:04 | Create | Villager (Male) |
| 21:30 | Build | Mining Camp |
| 22:16 | Build | Barracks |
| 22:42 | Research | Castle Age |
| 23:36 | Build | Barracks |
| 24:14 | Build | Stone Wall |
| 24:31 | Build | Gate |
| 24:34 | Build | Gate |
| 25:03 | Build | Stone Wall |
| 25:30 | Build | Stone Wall |
| 26:11 | Create | Trade Cart |
| 26:13 | Create | Trade Cart |
| 26:13 | Create | Trade Cart |
| 26:13 | Create | Trade Cart |
| 26:13 | Create | Trade Cart |
| 26:32 | Age | Castle Age |
| 26:37 | Create | Villager (Male) |
| 26:42 | Create | Villager (Male) |
| 26:46 | Research | Bow Saw |
| 26:49 | Research | Heavy Plow |
| 26:54 | Research | Caravan |
| 26:57 | Research | Hand Cart |
| 27:04 | Research | Pikeman (upgrade) |
| 27:06 | Research | Squires |
| 27:14 | Build | University |
| 27:23 | Research | Town Patrol |
| 27:48 | Build | Siege Workshop |
| 27:51 | Build | Siege Workshop |
| 27:54 | Build | Siege Workshop |
| 28:00 | Create | Villager (Male) |
| 28:01 | Create | Villager (Male) |
| 28:13 | Build | House |
| 28:14 | Build | House |
| 28:15 | Build | House |
| 28:16 | Build | House |
| 28:26 | Research | Treadmill Crane |
| 28:27 | Research | Fortified Wall (upgrade) |
| 28:28 | Research | Masonry |
| 28:58 | Create | Spearman |
| 28:58 | Create | Spearman |
| 28:59 | Create | Spearman |
| 29:00 | Create | Spearman |
| 29:01 | Create | Spearman |
| 29:01 | Create | Spearman |
| 29:46 | Create | Scorpion |
| 29:46 | Create | Scorpion |
| 29:48 | Create | Scorpion |
| 31:42 | Research | Ballistics |
| 31:42 | Research | Murder Holes |
| 31:49 | Create | Villager (Male) |
| 31:49 | Create | Villager (Male) |
| 31:58 | Build | Lumber Camp |
| 32:24 | Build | Farm |
| 32:25 | Build | Farm |
| 32:34 | Create | Trade Cart |
| 32:36 | Create | Trade Cart |
| 32:36 | Create | Trade Cart |
| 33:14 | Create | Villager (Male) |
| 33:14 | Create | Villager (Male) |
| 33:16 | Research | Imperial Age |
| 33:27 | Research | Chemistry |
| 33:58 | Build | Castle |
| 34:57 | Build | Siege Workshop |
| 35:41 | Build | Siege Workshop |
Build order — 小鱼鱼鱼
First 150 of 357 actions detected
| 0:07 | Build | House |
| 0:10 | Build | House |
| 0:14 | Build | House |
| 0:16 | Create | Villager (Male) |
| 0:17 | Create | Villager (Male) |
| 0:17 | Create | Villager (Male) |
| 0:17 | Create | Villager (Male) |
| 0:17 | Create | Villager (Male) |
| 2:02 | Create | Villager (Male) |
| 2:02 | Create | Villager (Male) |
| 2:30 | Create | Villager (Male) |
| 2:30 | Create | Villager (Male) |
| 2:35 | Build | Lumber Camp |
| 2:49 | Create | Villager (Male) |
| 3:00 | Create | Villager (Male) |
| 3:07 | Create | Villager (Male) |
| 3:30 | Create | Villager (Male) |
| 3:57 | Create | Villager (Male) |
| 3:58 | Create | Villager (Male) |
| 4:32 | Create | Villager (Male) |
| 4:32 | Create | Villager (Male) |
| 4:42 | Build | Mining Camp |
| 5:29 | Research | Loom |
| 5:41 | Create | Villager (Male) |
| 5:42 | Create | Villager (Male) |
| 6:21 | Build | Mill |
| 6:55 | Build | House |
| 6:56 | Build | House |
| 6:57 | Build | House |
| 7:06 | Create | Villager (Male) |
| 7:07 | Create | Villager (Male) |
| 7:37 | Create | Villager (Male) |
| 7:56 | Build | Mill |
| 8:30 | Create | Villager (Male) |
| 8:32 | Research | Feudal Age |
| 8:41 | Build | House |
| 8:45 | Build | House |
| 8:46 | Build | House |
| 10:43 | Age | Feudal Age |
| 10:55 | Build | Market |
| 11:01 | Create | Villager (Male) |
| 11:10 | Create | Villager (Male) |
| 11:20 | Build | Blacksmith |
| 12:05 | Research | Castle Age |
| 12:39 | Research | Double-Bit Axe |
| 13:24 | Build | Mining Camp |
| 14:07 | Build | Farm |
| 14:08 | Build | Farm |
| 14:12 | Research | Gold Mining |
| 14:15 | Research | Stone Mining |
| 14:20 | Research | Horse Collar |
| 14:45 | Age | Castle Age |
| 15:03 | Create | Villager (Male) |
| 15:03 | Create | Villager (Male) |
| 15:30 | Build | Town Center |
| 15:45 | Create | Villager (Male) ×2 |
| 16:06 | Build | Monastery |
| 16:18 | Create | Villager (Male) ×2 |
| 16:32 | Build | Farm |
| 16:33 | Build | Farm |
| 16:34 | Build | Farm |
| 16:50 | Create | Monk |
| 17:00 | Build | Farm |
| 17:03 | Build | Farm |
| 17:16 | Create | Villager (Male) |
| 17:41 | Create | Villager (Male) |
| 18:00 | Create | Villager (Male) |
| 18:29 | Build | Town Center |
| 18:36 | Create | Villager (Male) |
| 18:36 | Create | Villager (Male) |
| 18:38 | Create | Villager (Male) |
| 18:42 | Build | Farm |
| 18:56 | Build | Farm |
| 19:03 | Build | Farm |
| 19:07 | Build | Farm |
| 19:13 | Create | Villager (Male) |
| 19:35 | Create | Villager (Male) |
| 19:35 | Create | Villager (Male) |
| 19:37 | Create | Villager (Male) |
| 19:42 | Build | Farm |
| 20:00 | Create | Villager (Male) |
| 20:05 | Build | Farm |
| 20:15 | Create | Villager (Male) |
| 20:15 | Create | Villager (Male) |
| 20:15 | Create | Villager (Male) |
| 20:18 | Build | Farm |
| 20:27 | Build | Farm |
| 20:34 | Build | Farm |
| 20:39 | Build | Farm |
| 20:43 | Create | Villager (Male) ×2 |
| 20:52 | Create | Monk |
| 20:58 | Create | Villager (Male) ×2 |
| 21:11 | Build | Farm |
| 21:14 | Build | Farm |
| 21:17 | Create | Villager (Male) |
| 21:17 | Create | Villager (Male) |
| 21:17 | Create | Villager (Male) |
| 21:22 | Build | Farm |
| 21:29 | Build | Farm |
| 21:40 | Build | House |
| 21:41 | Build | House |
| 21:42 | Build | House |
| 22:02 | Research | Fervor |
| 22:15 | Research | Wheelbarrow |
| 22:18 | Create | Villager (Male) ×4 |
| 22:18 | Create | Villager (Male) ×4 |
| 23:18 | Research | Town Watch |
| 23:19 | Create | Villager (Male) ×5 |
| 23:19 | Create | Villager (Male) ×5 |
| 23:40 | Build | House |
| 23:43 | Build | House |
| 23:44 | Build | House |
| 23:45 | Build | House |
| 23:47 | Build | House |
| 23:48 | Build | House |
| 23:50 | Build | House |
| 23:51 | Build | House |
| 23:52 | Build | House |
| 23:54 | Build | House |
| 23:55 | Build | House |
| 23:58 | Build | House |
| 23:59 | Build | House |
| 24:08 | Create | Villager (Male) ×5 |
| 24:08 | Create | Villager (Male) ×5 |
| 24:09 | Create | Villager (Male) ×5 |
| 24:18 | Build | Town Center |
| 24:30 | Research | Gold Shaft Mining |
| 24:46 | Create | Villager (Male) |
| 24:57 | Create | Villager (Male) ×2 |
| 25:14 | Research | Bow Saw |
| 25:41 | Build | Town Center |
| 25:51 | Create | Villager (Male) ×5 |
| 25:51 | Create | Villager (Male) ×5 |
| 26:24 | Build | Farm |
| 26:25 | Build | Farm |
| 26:27 | Build | Farm |
| 26:31 | Build | Farm |
| 26:33 | Build | Farm |
| 26:34 | Build | Farm |
| 26:36 | Build | Farm |
| 26:38 | Build | Farm |
| 26:40 | Build | Farm |
| 26:44 | Build | Farm |
| 26:47 | Build | Farm |
| 26:49 | Build | Farm |
| 26:51 | Build | Farm |
| 26:59 | Research | Hand Cart |
| 27:02 | Create | Villager (Male) ×2 |
| 27:34 | Create | Villager (Male) ×4 |
| 27:55 | Create | Villager (Male) |
Build order — Killedzombies45
First 150 of 323 actions detected
| 0:15 | Build | House |
| 0:17 | Build | House |
| 0:18 | Build | House |
| 0:40 | Build | Mill |
| 2:03 | Research | Loom |
| 2:03 | Create | Villager (Male) |
| 2:04 | Create | Villager (Male) |
| 2:04 | Create | Villager (Male) |
| 2:04 | Create | Villager (Male) |
| 2:04 | Create | Villager (Male) |
| 2:45 | Build | House |
| 3:00 | Create | Villager (Male) |
| 4:26 | Create | Villager (Male) |
| 4:26 | Create | Villager (Male) |
| 4:27 | Create | Villager (Male) |
| 5:10 | Create | Villager (Male) |
| 5:10 | Create | Villager (Male) |
| 5:10 | Create | Villager (Male) |
| 5:44 | Create | Villager (Male) |
| 5:45 | Create | Villager (Male) |
| 5:45 | Create | Villager (Male) |
| 6:55 | Create | Villager (Male) |
| 6:55 | Create | Villager (Male) |
| 6:55 | Create | Villager (Male) |
| 7:00 | Create | Villager (Male) |
| 7:00 | Create | Villager (Male) |
| 7:33 | Build | Lumber Camp |
| 8:05 | Create | Villager (Male) |
| 8:05 | Create | Villager (Male) |
| 8:06 | Create | Villager (Male) |
| 8:06 | Create | Villager (Male) |
| 8:36 | Create | Villager (Male) |
| 8:36 | Create | Villager (Male) |
| 8:36 | Create | Villager (Male) |
| 8:57 | Create | Villager (Male) |
| 8:57 | Create | Villager (Male) |
| 8:58 | Create | Villager (Male) |
| 9:29 | Create | Villager (Male) |
| 9:29 | Create | Villager (Male) |
| 9:29 | Create | Villager (Male) |
| 9:47 | Create | Villager (Male) |
| 9:48 | Create | Villager (Male) |
| 9:48 | Create | Villager (Male) |
| 10:19 | Build | House |
| 10:21 | Build | House |
| 10:23 | Build | House |
| 10:25 | Build | House |
| 10:27 | Build | House |
| 10:28 | Build | House |
| 10:30 | Build | House |
| 10:32 | Build | House |
| 10:35 | Build | House |
| 10:36 | Build | House |
| 10:39 | Build | House |
| 11:32 | Build | House |
| 11:33 | Build | House |
| 11:42 | Build | House |
| 11:44 | Build | House |
| 11:45 | Build | House |
| 11:48 | Build | House |
| 11:50 | Build | House |
| 11:54 | Build | House |
| 11:56 | Build | House |
| 11:59 | Build | House |
| 12:04 | Build | House |
| 13:27 | Build | Farm |
| 13:40 | Research | Feudal Age |
| 13:50 | Create | Villager (Male) |
| 13:51 | Create | Villager (Male) |
| 14:09 | Build | Farm |
| 14:09 | Build | Farm |
| 14:10 | Build | Farm |
| 14:10 | Build | Farm |
| 14:10 | Build | Farm |
| 14:12 | Build | Farm |
| 14:12 | Build | Farm |
| 14:13 | Build | Farm |
| 14:13 | Build | Farm |
| 14:13 | Build | Farm |
| 15:05 | Build | Farm |
| 15:24 | Build | Farm |
| 15:24 | Build | Farm |
| 15:24 | Build | Farm |
| 15:36 | Build | Farm |
| 16:17 | Build | Mining Camp |
| 16:19 | Build | Mining Camp |
| 16:28 | Build | Mining Camp |
| 16:58 | Build | Stone Wall |
| 17:08 | Build | Stone Wall |
| 17:20 | Build | Stone Wall |
| 17:33 | Research | Wheelbarrow |
| 17:33 | Research | Town Watch |
| 17:35 | Create | Villager (Male) |
| 17:35 | Create | Villager (Male) |
| 17:35 | Create | Villager (Male) |
| 17:36 | Create | Villager (Male) |
| 17:42 | Create | Villager (Male) |
| 17:43 | Create | Villager (Male) |
| 17:43 | Create | Villager (Male) |
| 17:43 | Create | Villager (Male) |
| 17:43 | Create | Villager (Male) |
| 17:44 | Create | Villager (Male) |
| 19:19 | Build | Market |
| 19:23 | Build | Blacksmith |
| 19:47 | Create | Villager (Male) |
| 19:47 | Create | Villager (Male) |
| 21:00 | Build | Barracks |
| 22:27 | Build | Stone Wall |
| 23:24 | Create | Villager (Male) |
| 23:25 | Create | Villager (Male) |
| 23:26 | Create | Villager (Male) |
| 23:28 | Create | Villager (Male) |
| 23:29 | Create | Villager (Male) |
| 24:03 | Research | Castle Age |
| 24:13 | Create | Villager (Male) |
| 24:13 | Create | Villager (Male) |
| 24:13 | Create | Villager (Male) |
| 24:13 | Create | Villager (Male) |
| 24:14 | Create | Villager (Male) |
| 24:15 | Create | Villager (Male) |
| 24:16 | Create | Villager (Male) |
| 24:31 | Build | Archery Range |
| 24:32 | Build | Archery Range |
| 24:34 | Build | Archery Range |
| 24:49 | Build | Stable |
| 24:51 | Build | Stable |
| 24:52 | Build | Stable |
| 24:54 | Build | Stable |
| 25:57 | Build | Watch Tower |
| 26:12 | Build | Gate |
| 26:19 | Build | Gate |
| 27:17 | Create | Elephant Archer |
| 27:17 | Create | Elephant Archer |
| 27:18 | Create | Elephant Archer |
| 27:19 | Create | Elephant Archer |
| 27:46 | Create | Trade Cart |
| 27:46 | Create | Trade Cart |
| 27:46 | Create | Trade Cart |
| 27:46 | Create | Trade Cart |
| 27:47 | Create | Trade Cart |
| 27:47 | Create | Trade Cart |
| 27:59 | Research | Hand Cart |
| 28:39 | Research | Town Patrol |
| 28:42 | Create | Villager (Male) |
| 28:42 | Create | Villager (Male) |
| 28:43 | Create | Villager (Male) |
| 28:57 | Research | Double-Bit Axe |
| 28:57 | Research | Double-Bit Axe |
| 29:02 | Research | Horse Collar |
| 29:28 | Build | Mining Camp |
Match timeline
| 10:43 | 小鱼鱼鱼 · age_up feudal |
| 11:11 | Obi Juan Kenobi · first_building Barracks |
| 11:25 | Obi Juan Kenobi · age_up feudal |
| 11:47 | Henry_David_Throw · age_up feudal |
| 12:29 | Obi Juan Kenobi · first_building Archery Range |
| 12:35 | yabin.belrojo · first_building Barracks |
| 12:53 | estagio.musc · age_up feudal |
| 13:57 | jenksulivan · age_up feudal |
| 14:29 | yabin.belrojo · age_up feudal |
| 14:33 | yabin.belrojo · first_building Stable |
| 14:38 | yabin.belrojo · first_building Archery Range |
| 14:45 | 小鱼鱼鱼 · age_up castle |
| 15:18 | 小鱼鱼鱼 · first_market_buy 100 wood |
| 16:00 | Henry_David_Throw · first_building Barracks |
| 16:06 | 小鱼鱼鱼 · first_building Monastery |
| 16:58 | Killedzombies45 · wall_segment Stone Wall x19 |
| 17:08 | Killedzombies45 · wall_segment Stone Wall x13 |
| 17:20 | Killedzombies45 · wall_segment Stone Wall x13 |
| 17:23 | jenksulivan · first_building Barracks |
| 17:52 | jenksulivan · age_up castle |
| 19:58 | yabin.belrojo · age_up castle |
| 20:25 | yabin.belrojo · first_building Castle |
| 21:00 | Killedzombies45 · first_building Barracks |
| 21:01 | jenksulivan · first_building Castle |
| 21:59 | Henry_David_Throw · age_up castle |
| 22:16 | estagio.musc · first_building Barracks |
| 22:27 | Killedzombies45 · wall_segment Stone Wall x12 |
| 23:35 | Henry_David_Throw · first_building Monastery |
| 23:53 | Obi Juan Kenobi · age_up castle |
| 23:57 | Killedzombies45 · first_market_sell 100 food |
| 24:12 | yabin.belrojo · first_building Siege Workshop |
| 24:14 | estagio.musc · wall_segment Stone Wall x34 |
| 24:31 | Killedzombies45 · first_building Archery Range |
| 24:47 | jenksulivan · first_building Archery Range |
| 24:49 | Killedzombies45 · first_building Stable |
| 25:03 | estagio.musc · wall_segment Stone Wall x21 |
| 25:30 | estagio.musc · wall_segment Stone Wall x27 |
| 26:32 | estagio.musc · age_up castle |
| 27:48 | estagio.musc · first_building Siege Workshop |
| 28:12 | 小鱼鱼鱼 · first_building Castle |
| 28:14 | yabin.belrojo · age_up imperial |
| 30:06 | Henry_David_Throw · first_building Castle |
| 30:10 | 小鱼鱼鱼 · first_building Barracks |
| 30:20 | Henry_David_Throw · wall_segment Stone Wall x15 |
| 30:23 | jenksulivan · first_building Monastery |
| 30:25 | Henry_David_Throw · wall_segment Stone Wall x11 |
| 30:25 | 小鱼鱼鱼 · first_building Siege Workshop |
| 30:58 | yabin.belrojo · wall_segment Stone Wall x1 |
| 31:44 | Obi Juan Kenobi · first_building Castle |
| 33:18 | Henry_David_Throw · wall_segment Stone Wall x20 |
| 33:23 | Henry_David_Throw · wall_segment Stone Wall x13 |
| 33:58 | estagio.musc · first_building Castle |
| 34:44 | 小鱼鱼鱼 · age_up imperial |
| 35:10 | Henry_David_Throw · age_up imperial |
| 35:29 | Obi Juan Kenobi · first_building Siege Workshop |
| 36:03 | jenksulivan · age_up imperial |
| 36:41 | Killedzombies45 · first_building Castle |
| 37:14 | estagio.musc · age_up imperial |
| 37:54 | Killedzombies45 · first_building Siege Workshop |
| 44:17 | Obi Juan Kenobi · age_up imperial |
| 44:25 | Henry_David_Throw · first_building Archery Range |
| 45:03 | Obi Juan Kenobi · resign |
| 47:03 | 小鱼鱼鱼 · wall_segment Stone Wall x10 |
| 48:05 | 小鱼鱼鱼 · wall_segment Stone Wall x9 |
| 48:34 | 小鱼鱼鱼 · wall_segment Stone Wall x6 |
| 52:22 | 小鱼鱼鱼 · wall_segment Stone Wall x21 |
| 52:25 | Henry_David_Throw · wall_segment Stone Wall x14 |
| 54:17 | 小鱼鱼鱼 · wall_segment Stone Wall x23 |
[ AI ANALYSIS · 1 CREDIT ]
What really happened in this match?
Wolo.gg analyzes every decision: build order, eco, micro, common mistakes by bracket. Personalized analysis on WhatsApp or Discord in 30 seconds.
Civ guide
Georgians
Perfil
Jugador #1384209